 Dungeon Crawl Stone Soup version 0.28.0-45-g0d030f2227 (webtiles) character file.

Game seed: 741812284657990907

1082 pkoi the Conjurer (level 7, -6/50 HPs)
             Began as a Demigod Conjurer on Apr 5, 2022.
             Engulfed by a cloud of flame (19 damage)
             ... on level 5 of the Dungeon.
             The game lasted 00:09:50 (6876 turns).

pkoi the Conjurer (Demigod Conjurer)                Turns: 6876, Time: 00:09:52

Health: -6/50      AC:  4    Str:  8    XL:     7   Next: 81%
Magic:  17/17      EV: 12    Int: 28    God:
Gold:   148        SH:  0    Dex: 12    Spells: 0/15 levels left

rFire   . . .      SeeInvis .   b - +3 dagger (venom)
rCold   . . .      Faith    .   (no shield)
rNeg    . . .      Spirit   .   a - +0 robe
rPois   .          Reflect  .   (no helmet)
rElec   .          Harm     .   d - +0 cloak
rCorr   .          Rampage  .   (no gloves)
Will    .....                   h - +0 pair of boots
Stlth   ++........              (no amulet)
HPRegen 0.16/turn               (no ring)
MPRegen 0.15/turn               (no ring)

@: no status effects
A: high MP 1, forlorn, divine attributes
a: no special abilities


You were on level 5 of the Dungeon.
You visited 1 branch of the dungeon, and saw 5 of its levels.
You also visited: Sewer.

You collected 148 gold pieces.

Inventory:

Hand Weapons
 b - a +3 dagger of venom (weapon)
 c - a +0 dagger
 l - a +0 rapier of freezing
Missiles
 f - 18 poisoned darts
 v - a throwing net
Armour
 a - a +0 robe (worn)
 d - a +0 cloak (worn)
 h - a +0 pair of boots (worn)
 p - the +4 chain mail "Seufoing" {rElec Int+4 Dex+4 Slay+2}
   (You found it on level 3 of the Dungeon)

   Int:       It affects your intelligence (+4).
   Dex:       It affects your dexterity (+4).
   Slay:      It affects your accuracy & damage with ranged weapons and melee
   (+2).
   rElec:     It insulates you from electricity.
Wands
 i - a wand of digging (7)
 t - a wand of flame (8)
Scrolls
 e - a scroll of silence
 j - 2 scrolls of magic mapping
 n - a scroll of teleportation
 u - 3 scrolls of identify
Potions
 g - a potion of cancellation
 k - 3 potions of haste
 m - 3 potions of mutation
 o - 2 potions of invisibility
 q - a potion of berserk rage {unknown}


   Skills:
 - Level 1.7 Dodging
 - Level 1.7 Stealth
 + Level 4.9 Spellcasting
 * Level 6.8 Conjurations
 + Level 2.4 Hexes
 + Level 2.6 Translocations


You couldn't memorise any spells.
You knew the following spells:

 Your Spells              Type           Power      Damage    Failure   Level
a - Magic Dart            Conj           100%       1d8       1%          1
b - Searing Ray           Conj           90%        2d7       1%          2
c - Iskenderun's Mystic   Conj/Tloc      33%        2d8       10%         4
d - Fulminant Prism       Conj/Hex       16%        3d11      10%         4
e - Cause Fear            Hex            10%        N/A       24%         4

Your spell library contained the following spells:

 Spells                   Type           Power      Damage    Failure   Level
 Dazzling Flash           Conj/Hex       66%        N/A       3%          3
 Dragon Form              Tmut           3%         N/A       100%        7
 Dragon's Call            Summ           3%         N/A       100%        9


Dungeon Overview and Level Annotations

Branches:
Dungeon (5/15)              Sewer (visited)
 Temple: D:4-7


Innate Abilities, Weirdness & Mutations

You have an increased reservoir of magic. (+10% MP)
You shall have no god before yourself.
Your divine heritage dramatically boosts your attributes as you level up.


Message History

The magic dart hits the hound skeleton.
The hound skeleton is heavily damaged.
The magic dart hits the hound skeleton.
The hound skeleton is severely damaged.
The hound skeleton closely misses you. The hound skeleton bites you.
You climb upwards.
There is a stone staircase leading down here.
Unknown command.
Things that are here:
a boomerang of dispersal; a +0 war axe HP restored.
Magic restored.
There is an open door here.
There is an open door here.
There is a stone staircase leading down here.
You climb downwards.
There is a stone staircase leading up here.
As you read the scroll labelled JICSEJIVEUS, it crumbles to dust.
You assume a fearsome visage.
The orc looks frightened! x2
The orc wizard looks frightened!
The hound skeleton is unaffected.
It was a scroll of fear.
The orc wizard gestures wildly while chanting.
The orc wizard flickers and vanishes!
Deactivating autopickup; reactivate with Ctrl-A.
As you read the scroll labelled GEBRUNI DAOPLU, it crumbles to dust.
The creatures around you are filled with an inner flame!
It was a scroll of immolation.
Unknown command.
As you read the scroll labelled LOXZEPS OLETA, it crumbles to dust.
It is a scroll of enchant weapon.
Your +2 dagger of venom glows red for a moment.
The hound skeleton bites you but does no damage.
The hound skeleton bites you.
You hit the hound skeleton.
The hound skeleton explodes!
The fiery explosion engulfs you!!
Ouch! That really hurt!
* * * LOW HITPOINT WARNING * * *
You are engulfed in blazing flames.
You die...

..#...... .........
........##
.........###
.(.........##
............##
.............##
#).......§§@......#
#........§§§.......
#........§§§.......
#..o.............##
#..{..........###
#...........###
#.........###
#..o.<.### ##.#####


You could see an orc (inner flame, fleeing).

Vanquished Creatures
  A sky beast (D:3)
  An ogre (D:4)
  2 phantoms (D:4)
  3 kobold brigands (Sewer)
  A scorpion (D:4)
  2 orc priests
  A gnoll shaman (D:4)
  Natasha (thrice) (D:3)
  2 orc wizards
  A hound skeleton (D:5)
  12 gnolls
  6 adders
  A river rat (D:3)
  A dart slug (D:3)
  10 orcs
  13 ball pythons
  6 endoplasms
  7 giant cockroaches
  8 goblins
  5 hobgoblins
  3 jackals
  4 quokkas
  A ball python skeleton (D:3)
  8 bats
  6 frilled lizards
  12 kobolds
  11 rats
131 creatures vanquished.

Notes
Turn   | Place    | Note
-------+----------+-------------------------------------------
     0 | D:1      | pkoi the Demigod Conjurer began the quest for the Orb.
     0 | D:1      | Reached XP level 1. HP: 14/14 MP: 5/5
   492 | D:1      | Reached XP level 2. HP: 13/20 MP: 0/7
   599 | D:1      | Learned a level 2 spell: Searing Ray
   924 | D:2      | Reached skill level 4 in Conjurations
  1728 | D:3      | Noticed Natasha
  1736 | D:3      | Killed Natasha
  1737 | D:3      | Reached XP level 3. HP: 26/26 MP: 1/9
  1960 | D:3      | Found a glowing drain.
  1969 | Sewer    | Entered a sewer
  2047 | Sewer    | Noticed a kobold brigand
  2058 | Sewer    | Reached XP level 4. HP: 21/33 MP: 8/11
  2059 | Sewer    | Killed a kobold brigand
  2334 | Sewer    | Noticed a kobold brigand
  2334 | Sewer    | Noticed a kobold brigand
  2361 | Sewer    | Killed a kobold brigand
  2362 | Sewer    | Reached skill level 5 in Conjurations
  2362 | Sewer    | Reached XP level 5. HP: 30/38 MP: 9/13
  2430 | Sewer    | Learned a level 4 spell: Iskenderun's Mystic Blast
  3046 | D:3      | Reached XP level 6. HP: 45/45 MP: 13/15
  3077 | D:3      | Learned a level 4 spell: Fulminant Prism
  3230 | D:3      | Noticed Natasha
  3236 | D:3      | Killed Natasha
  3547 | D:3      | Reached skill level 1 in Translocations
  3785 | D:3      | Identified the +4 chain mail "Seufoing" {rElec Int+4 Dex+4
                  | Slay+2}
  3868 | D:3      | Reached skill level 1 in Hexes
  4352 | D:3      | Noticed Natasha
  4359 | D:3      | Killed Natasha
  4466 | D:3      | Reached skill level 6 in Conjurations
  5018 | D:4      | Reached XP level 7. HP: 50/50 MP: 10/17
  5701 | D:4      | Learned a level 4 spell: Cause Fear
  5708 | D:5      | Entered Level 5 of the Dungeon
  6876 | D:5      | Engulfed by a cloud of flame

Illustrated notes

Levels and vault maps discovered:
D:1:      eino_arrival_druids_welcome, layout_basic
D:2:      layout_basic, ebering_ecumenical_altar_petrified
D:3:      minmay_razor_zed, layout_basic, tso_altar, portal_sewer_entry_b,
          chequers_serial_rivers_large_a, uniq_natasha
D:4:      layout_cave_pods, kennysheep_mini, mainiacjoe_overflow_24_doors,
          zin_statuary, nicolae_ru_awakened_eye
D:5:      layout_cave_pods, grunt_temple_overflow_lords_of_destruction,
          amcnicky_altar_gilded, minmay_temple_entry_arrows, serial_shops,
          nicolae_shop_temple_entry_statues_fountains

Skill      XL: |  1  2  3  4  5  6  7 |
---------------+----------------------+-----
Spellcasting   | 2 3 4 |  4.9
Conjurations   | 4 5 6 |  6.8
Translocations | 1 2 |  2.6
Hexes          | 1 2 |  2.4
Dodging        | |  1.7
Stealth        | |  1.7

Action                   |  1- 3 |  4- 6 |  7- 9 || total
-------------------------+-------+-------+-------++-------
Melee: Dagger            |    10 |    63 |     8 ||    81
       Punch             |       |     3 |       ||     3
 Cast: Magic Dart        |    57 |    73 |    79 ||   209
       Searing Ray       |     3 |     6 |     6 ||    15
  Use: Scroll            |     7 |     4 |     3 ||    14
       Potion            |       |     3 |       ||     3
Armor: Robe              |    11 |     7 |     5 ||    23
       Chain mail        |       |    45 |       ||    45
Dodge: Dodged            |    25 |    31 |    14 ||    70
